 Dungeon Crawl Stone Soup version 0.28.0-53-g5a82cb258f (webtiles) character file.

Game seed: 14511645167542348593

2718 pesado the Destroyer (level 9, -4/62 HPs)
             Began as a Yellow Draconian Conjurer on Aug 22, 2022.
             Was an Initiate of Sif Muna.
             Killed by divine providence
             ... invoked by an orc priest
              (11 damage)
             ... on level 8 of the Dungeon.
             The game lasted 00:15:54 (11089 turns).

pesado the Destroyer (Yellow Draconian Conjurer)   Turns: 11089, Time: 00:15:55

Health: -4/62      AC:  9    Str: 11    XL:     9   Next: 39%
Magic:  5/17       EV: 12    Int: 22    God:    Sif Muna [......]
Gold:   300        SH:  0    Dex:  9    Spells: 6/19 levels left

rFire   + . .      SeeInvis .   s - staff of cold
rCold   + + .      Faith    .   (no shield)
rNeg    . . .      Spirit   .   (armour unavailable)
rPois   +          Reflect  .   (helmet restricted)
rElec   +          Harm     .   (no cloak)
rCorr   +          Rampage  +   (no gloves)
Will    .....                   h - +1 pair of boots {rampage}
Stlth   ++........              (no amulet)
HPRegen 0.20/turn               (no ring)
MPRegen 0.15/turn               (no ring)

@: brilliant, lethally poisoned (-4 -> -7), short of breath, resistant, hasted,
very quick
A: spit acid, AC +7, unfitting armour, cold-blooded, acid resistance
a: Breathe Acid, Renounce Religion


You were on level 8 of the Dungeon.
You worshipped Sif Muna.
Sif Muna was noncommittal.
You visited 2 branches of the dungeon, and saw 9 of its levels.

You collected 300 gold pieces.

Inventory:

Hand Weapons
 b - a +0 dagger
 d - a +1 short sword of venom
Missiles
 l - 2 atropa-tipped darts (quivered)
Armour
 h - a +1 pair of boots of rampaging (worn)
Magical Staves
 s - a staff of cold (weapon)
Wands
 n - a wand of mindburst (9)
 o - a wand of polymorph (16)
Potions
 a - a potion of brilliance
 f - a potion of might
 g - a potion of mutation
 j - a potion of heal wounds {unknown}
 m - a potion of flight {unknown}
 p - 3 potions of attraction
 q - a potion of cancellation {unknown}


   Skills:
 - Level 0.2 Fighting
 + Level 0.5 Long Blades
 + Level 0.4(0.8) Axes
 + Level 0.4(0.5) Maces & Flails
 + Level 0.6(0.7) Polearms
 + Level 0.2 Slings
 + Level 0.2 Bows
 + Level 0.4 Crossbows
 - Level 1.7 Dodging
 - Level 1.7 Stealth
 + Level 0.5 Shields
 - Level 5.7 Spellcasting
 - Level 11.6 Conjurations
 - Level 0.1 Hexes
 + Level 0.3 Summonings
 + Level 0.3 Necromancy
 + Level 0.3 Translocations
 + Level 0.7 Transmutations
 + Level 0.6 Fire Magic
 + Level 0.3 Ice Magic
 + Level 0.3 Earth Magic
 + Level 0.4 Invocations


You had 6 spell levels left.
You knew the following spells:

 Your Spells              Type           Power      Damage    Failure   Level
a - Magic Dart            Conj           100%       1d8       1%          1
b - Searing Ray           Conj           100%       2d8       1%          2
c - Dazzling Flash        Conj/Hex       96%        N/A       2%          3
d - Fulminant Prism       Conj/Hex       24%        3d13      9%          4
e - Mephitic Cloud        Conj/Pois/Air  35%        N/A       6%          3

Your spell library contained the following spells:

 Spells                   Type           Power      Damage    Failure   Level
 Iskenderun's Mystic Bla  Conj/Tloc      48%        2d11      9%          4
 Call Canine Familiar     Summ           11%        N/A       24%         3
 Ignite Poison            Fire/Tmut/Pois 12%        N/A       24%         3
 Portal Projectile        Hex/Tloc       20%        N/A       26%         3
 Freezing Cloud           Conj/Ice/Air   26%        6-21      45%         5
 Leda's Liquefaction      Hex/Erth       5%         N/A       63%         4
 Blade Hands              Tmut           7%         N/A       89%         5
 Excruciating Wounds      Necr           5%         N/A       92%         5


Dungeon Overview and Level Annotations

Branches:
Dungeon (8/15)             Temple (1/1) D:6
   Lair: D:8-11

Altars:
Ashenzari
Cheibriados
Dithmenos
Gozag
Hepliaklqana
Kikubaaqudgha
Makhleb
Nemelex Xobeh
Qazlal
Ru
Sif Muna
Trog
Uskayaw
Wu Jian
Xom
Yredelemnul
Zin
The Shining One

Shops:
D:4 [

Annotations:
D:8 Prince Ribbit


Innate Abilities, Weirdness & Mutations

You can spit globs of acid.
Your golden yellow scales are hard. (AC +7)
You cannot fit into any form of body armour.
You are cold-blooded and may be slowed by cold attacks.
You are resistant to acid. (rCorr)


Message History

Unknown command.
Casting: Magic Dart (safe; 1% risk of failure)
Confirm with . or Enter, or press ? or * to list all spells.
Aiming: Searing Ray (safe; 1% risk of failure)
Press: ? - help, Shift-Dir - straight line, f - centaur, p - orc priest
Aim: a centaur, wielding a +0 shortbow and quivering arrows (90% to hit)
Okay, then.
You feel protected. The killer bee stings you.
* * * LOW HITPOINT WARNING * * *
The orc priest barely misses you. The killer bee barely misses you.
Casting: Searing Ray (safe; 1% risk of failure)
Confirm with . or Enter, or press ? or * to list all spells.
Aiming: Magic Dart (safe; 1% risk of failure)
Press: ? - help, Shift-Dir - straight line, f/p - orc priest
Aim: an orc priest, wielding a +0 flail and wearing a +0 chain mail (heavily wounded, 100% to hit)
You feel a surge of power!
The magic dart hits the orc priest but does no damage.
The orc priest is heavily wounded.
The killer bee stings you.
* * * LOW HITPOINT WARNING * * *
The orc priest looks encouraged for a moment.
The killer bee closely misses you.
You can't do that yet.
You hit the killer bee.
Your tail-slap misses the killer bee.
The killer bee is lightly wounded.
The killer bee closely misses you. The orc priest misses you.
The killer bee stings you.
* * * LOW HITPOINT WARNING * * *
You are poisoned.
The killer bee poisons you!
You aren't carrying any scrolls.
Unknown command.
Okay, then.
You aren't carrying any scrolls.
You aren't carrying any scrolls.
You feel yourself speed up.
You feel sick. The killer bee barely misses you.
The orc priest calls down the wrath of Beogh upon you.
Beogh smites you!
You die...

### # #.. #
#.# .. ... #
#)# #o# #@#
###y####
##.ycy.=## #
#........# #
#..#.##..# #
#........#
#....###....
###
#...........
+..
#....###....
###


You could see a centaur, 3 killer bees and an orc priest.

Vanquished Creatures
  Sigmund (D:6)
  Eustachio (D:4)
  Menkaure (D:4)
  Edmund (D:5)
  Duvessa (D:4)
  2 orc warriors
  3 ogres
  An ice beast (D:7)
  2 sky beasts (D:6)
  A wyvern zombie (D:6)
  A scorpion (D:6)
  A water moccasin skeleton (D:6)
  Dowan (D:4)
  3 killer bees (D:6)
  2 jellies
  5 wights (D:6)
  2 orc priests
  3 hounds
  A gnoll shaman (D:7)
  A centaur skeleton (D:7)
  Terence (D:3)
  A bullfrog skeleton (D:6)
  7 orc wizards
  3 iguanas
  A scorpion zombie (D:5)
  7 gnolls
  A howler monkey skeleton (D:4)
  3 adders
  A shadow imp (D:7)
  3 ufetubi
  3 worms (D:2)
  3 dart slugs
  22 orcs
  4 ball pythons
  3 bats
  7 endoplasms
  7 goblins
  5 hobgoblins
  8 jackals
  3 quokkas
  6 kobolds
  3 rats
  A spectral goblin (D:2)
137 creatures vanquished.

Vanquished Creatures (others)
  2 fulminant prisms (D:6)
2 creatures vanquished.

Grand Total: 139 creatures vanquished

Notes
Turn   | Place    | Note
-------+----------+-------------------------------------------
     0 | D:1      | pesado the Draconian Conjurer began the quest for the Orb.
     0 | D:1      | Reached XP level 1. HP: 14/14 MP: 3/3
   235 | D:1      | Reached XP level 2. HP: 19/20 MP: 0/5
   505 | D:1      | Learned a level 2 spell: Searing Ray
   509 | D:1      | You fall into a shaft and drop 1 floor!
  1070 | D:2      | Reached skill level 5 in Conjurations
  1070 | D:2      | Reached XP level 3. HP: 21/26 MP: 1/6
  1229 | D:2      | Found a faded altar of an unknown god.
  1546 | D:2      | Reached XP level 4. HP: 33/33 MP: 3/7
  1608 | D:2      | Learned a level 3 spell: Dazzling Flash
  2496 | D:3      | Noticed Terence
  2856 | D:3      | Reached skill level 6 in Conjurations
  3064 | D:3      | Noticed an ogre
  3075 | D:3      | Killed an ogre
  3076 | D:3      | Reached XP level 5. HP: 38/38 MP: 2/8
  3421 | D:3      | Reached skill level 7 in Conjurations
  3916 | D:3      | Killed Terence
  3917 | D:3      | Reached XP level 6. HP: 24/45 MP: 0/9
  4409 | D:4      | Noticed Duvessa
  4409 | D:4      | Noticed Dowan
  4438 | D:4      | Killed Duvessa
  4547 | D:4      | Noticed Menkaure
  4727 | D:4      | Killed Dowan
  4728 | D:4      | Reached skill level 8 in Conjurations
  5221 | D:4      | Your scales start taking on a golden yellow colour.
  5221 | D:4      | Reached XP level 7. HP: 50/50 MP: 0/10
  5221 | D:4      | Gained mutation: You are resistant to acid. (rCorr) [Yellow
                  | Draconian growth]
  5358 | D:4      | Noticed Eustachio
  5550 | D:4      | Killed Menkaure
  5967 | D:4      | Reached skill level 9 in Conjurations
  6052 | D:4      | Learned a level 4 spell: Fulminant Prism
  6122 | D:4      | Found Laixij's Antique Armour Boutique.
  6136 | D:4      | Killed Eustachio
  6346 | D:5      | Entered Level 5 of the Dungeon
  6984 | D:5      | Noticed Edmund
  7002 | D:5      | Killed Edmund
  7003 | D:5      | Reached XP level 8. HP: 57/57 MP: 7/13
  7151 | D:5      | Found a broken altar of Ashenzari.
  7640 | D:5      | Learned a level 3 spell: Mephitic Cloud
  7762 | D:6      | Reached skill level 10 in Conjurations
  8228 | D:6      | Found a shimmering altar of Xom.
  8590 | D:6      | Noticed Sigmund
  8601 | D:6      | Killed Sigmund
  8602 | D:6      | Reached skill level 5 in Spellcasting
  8602 | D:6      | Reached skill level 11 in Conjurations
  8709 | D:6      | Reached XP level 9. HP: 62/62 MP: 10/16
  8839 | D:6      | Found a staircase to the Ecumenical Temple.
  8861 | Temple   | Entered the Ecumenical Temple
  9086 | Temple   | Became a worshipper of Sif Muna the Loreminder
 10391 | D:8      | Noticed Prince Ribbit
 11089 | D:8      | Killed from afar by an orc priest

Illustrated notes

Levels and vault maps discovered:
D:1:      eino_arrival_cavern_d, layout_basic, minmay_misc_feat_room,
          minmay_cut_off
D:2:      layout_basic, dreamdust_ecumenical_altar_drowned_temple,
          minmay_hedge_maze, minmay_tromino_v4_c
D:3:      layout_basic, uniq_terence
D:4:      layout_cave_pods, serial_shops, shop, chequers_serial_rivers_micro_c,
          uniq_duvessa, uniq_eustachio, uniq_menkaure
D:5:      nicolae_cairo_tiling_very_big, layout_basic,
          mainiacjoe_overflow_24_doors, serial_bayou_pond_d, uniq_edmund
D:6:      layout_basic, xom_teletrap_fun, minmay_temple_entry_grid,
          kennysheep_flooded_box, sigmund_army, uniq_sigmund
D:7:      layout_basic
D:8:      layout_loops_corners, okawaru_humans, nicolae_overflow_hidden_temple,
          serial_shops, nicolae_lakefront_shop, uniq_joseph,
          uniq_prince_ribbit1, uniq_maurice, uniq_pikel
Temple:   eino_temple_rhombus

Skill      XL: |  1  2  3  4  5  6  7  8 |
---------------+-------------------------+-----
Conjurations   | 5 6 7 8 9 11 | 11.6
Spellcasting   | 3 5 |  5.7
Fighting       | |  0.2
Long Blades    | |  0.5
Axes           | |  0.4
Maces & Flails | |  0.4
Polearms       | |  0.6
Slings         | |  0.2
Bows           | |  0.2
Crossbows      | |  0.4
Dodging        | |  1.7
Stealth        | |  1.7
Shields        | |  0.5
Hexes          | |  0.1
Summonings     | |  0.3
Necromancy     | |  0.3
Translocations | |  0.3
Transmutations | |  0.7
Fire Magic     | |  0.6
Ice Magic      | |  0.3
Earth Magic    | |  0.3
Invocations    | |  0.4

Action                   |  1- 3 |  4- 6 |  7- 9 || total
-------------------------+-------+-------+-------++-------
Melee: Unarmed           |    11 |       |       ||    11
       Dagger            |    20 |    31 |       ||    51
       Tailslap          |     2 |     7 |    18 ||    27
       Punch             |     3 |       |     2 ||     5
       Short sword       |       |    11 |    82 ||    93
       Staff             |       |       |    11 ||    11
Throw: Throwing net      |       |     3 |       ||     3
       Dart              |       |       |     1 ||     1
       Boomerang         |       |       |     2 ||     2
 Cast: Magic Dart        |    36 |    62 |    67 ||   165
       Searing Ray       |     4 |    22 |    32 ||    58
       Dazzling Flash    |       |     2 |     9 ||    11
       Mephitic Cloud    |       |       |     4 ||     4
       Fulminant Prism   |       |       |     2 ||     2
 Abil: Breathe Acid      |       |       |    10 ||    10
Evoke: Wand              |       |       |     1 ||     1
  Use: Scroll            |     3 |     5 |     5 ||    13
       Potion            |       |     1 |     5 ||     6
 Stab: Sleeping          |     1 |       |     1 ||     2
Armor: Skin              |     9 |    18 |    65 ||    92
Dodge: Dodged            |    27 |    38 |   136 ||   201
